Avalanche vs Jets

Created - 16 décembre 2020 at 12:11

Goals
1 2 3 T
Avalanche 0 2 1 3
Jets 0 1 0 1
Shots
1 2 3 T
Avalanche 12 12 8 32
Jets 7 9 8 24

1st period

No Goal

Penalties :
Troy Brouwer (WIN) for Roughing (Minor) at 14:17

2nd period

1. Avalanche , Vladislav Namestnikov 2 (Radek Faksa 6, Josh Leivo 8) at 4:29
2. Avalanche , Josh Leivo 6 (Radek Faksa 7) at 9:53
3. Jets , Kyle Turris 3 (Janne Kuokkanen 3, Wayne Simmonds 5) at 15:57

Penalties :
Erik Gudbranson (WIN) for Interference (Minor) at 5:42, Brett Pesce (WIN) for Holding (Minor) at 10:00, Erik Gudbranson (WIN) for Roughing (Minor) at 18:59

3rd period

4. Avalanche , Mark Giordano 2 (Keith Yandle 3) at 0:32 (PP)

Penalties :
Mark Giordano (COL) for Hooking (Minor) at 7:40, Brett Pesce (WIN) for Hooking (Minor) at 15:43

Goalie Stats

Joonas Korpisalo (COL), 23 saves from 24 shots - (0,958), W, 1-7-1, 60:00 minutes
Jonathan Bernier (WIN), 29 saves from 32 shots - (0,906), L, 2-2-1, 60:00 minutes

Players Stats for Avalanche

Player Name              G  A  P  +/- PIM S  H  SB GA TA FO     MP     PP MP  PK MP  
------------------------------------------------------------------------------------
Andrew Copp              0  0  0   0  0   2  0  0  0  0  20/30  21:02   5:30   0:00 
Brian Dumoulin           0  0  0   0  0   1  1  0  0  0  0/0    13:13   0:00   0:00 
Cody Eakin               0  0  0   0  0   0  3  0  0  0  1/4    11:34   0:03   0:58 
Conor Sheary             0  0  0   0  0   2  0  0  1  0  0/3     9:46   0:00   0:31 
Dan Hamhuis              0  0  0   0  0   1  0  2  0  0  0/0    14:16   0:00   1:03 
Ivan Barbashev           0  0  0   0  0   2  0  1  0  0  0/0    10:53   0:03   0:30 
John Klingberg           0  0  0   0  0   1  2  0  1  1  0/0    20:15   3:25   0:56 
Josh Bailey              0  0  0   0  0   2  1  0  2  1  2/2    21:32   5:30   0:30 
Josh Leivo               1  1  2   1  0   1  1  1  1  0  0/0    17:24   3:56   0:00 
Keith Yandle             0  1  1   1  0   2  0  0  2  1  0/0    26:53   6:04   1:09 
Marcus Pettersson        0  0  0   0  0   0  0  1  0  0  0/0    19:54   3:25   0:50 
Mark Giordano            1  0  1   1  2   5  1  2  0  1  0/0    25:55   6:04   0:00 
Nino Niederreiter        0  0  0   0  0   5  2  0  1  0  0/0    20:58   5:27   0:00 
Radek Faksa              0  2  2   1  0   1  2  1  0  0  5/14   17:18   3:56   0:00 
Samuel Blais             0  0  0   0  0   3  0  0  0  0  0/2    10:12   0:06   0:32 
Vladislav Namestnikov    1  0  1   1  0   2  0  0  1  0  1/2    17:18   3:56   0:00 
Warren Foegele           0  0  0   0  0   0  1  0  0  0  0/0     9:58   0:00   0:00 
Zack Smith               0  0  0   0  0   2  2  2  1  0  0/0     9:39   0:00   0:57 

Players Stats for Jets

Player Name              G  A  P  +/- PIM S  H  SB GA TA FO     MP     PP MP  PK MP  
------------------------------------------------------------------------------------
Andreas Athanasiou       0  0  0  -1  0   3  0  1  1  0  0/0    14:46   0:51   0:02 
Brett Pesce              0  0  0   0  4   1  0  0  0  1  0/0    21:08   0:00   3:31 
Colton Sissons           0  0  0  -1  0   2  2  2  0  0  11/23  19:54   0:51   5:34 
Erik Gudbranson          0  0  0   0  4   0  1  1  0  0  0/0    19:31   0:00   2:53 
Filip Chytil             0  0  0  -1  0   0  0  0  1  1  1/4    13:52   0:00   0:00 
James van Riemsdyk       0  0  0   0  0   1  1  1  0  0  2/4    16:27   1:08   1:17 
Janne Kuokkanen          0  1  1   1  0   1  1  1  0  0  1/1    13:33   0:44   0:00 
Jonathan Ericsson        0  0  0  -1  0   2  0  0  0  1  0/0    18:54   1:15   3:28 
Josh Manson              0  0  0   0  0   0  3  1  0  1  0/0    20:17   0:00   3:57 
Josh Morrissey           0  0  0   0  0   1  0  3  0  1  0/0    23:28   1:15   4:40 
Kyle Turris              1  0  1   1  0   3  0  0  0  1  3/9    15:20   0:51   2:38 
Mark Pysyk               0  0  0  -1  0   0  0  1  0  1  0/0    15:48   0:44   0:29 
Nathan MacKinnon         0  0  0   0  0   4  0  0  0  1  5/10   16:47   1:08   1:43 
Troy Brouwer             0  0  0  -1  2   1  1  1  0  1  0/0    10:42   0:00   2:10 
Victor Olofsson          0  0  0   0  0   3  0  0  0  0  1/1    15:10   1:08   0:00 
Wayne Simmonds           0  1  1   1  0   1  0  1  1  0  1/1    11:50   0:00   0:00 
William Carrier          0  0  0  -1  0   0  0  0  1  1  0/0     8:23   0:00   0:00 
Zach Aston-Reese         0  0  0  -1  0   1  0  0  0  0  3/4    14:35   0:00   5:34 

3 Stars

1 - Josh Leivo (COL)
2 - Radek Faksa (COL)
3 - Joonas Korpisalo (COL)

Power Play

Avalanche - 1 on 6 Attempt(s) - 16,67%
Jets - 0 on 1 Attempt(s) - 0,00%

Penalty Kill

Avalanche - 1 on 1 Attempt(s) - 100,00% - Score 0 goal in Penalty Kill
Jets - 5 on 6 Attempt(s) - 83,33% - Score 0 goal in Penalty Kill

Team Stat

Avalanche - Hits : 16 - Faceoff Wins : 29 - Blocked Shots : 10 - Penalty Minutes : 2
Jets - Hits : 9 - Faceoff Wins : 28 - Blocked Shots : 13 - Penalty Minutes : 10

Official

Referees : Mitch Dunning and Mike Campbell
Linesman : Jake Davis and Luke Galvin

Game Notes

4:51 of 2nd period - Penalty Shot by Erik Gudbranson for Jets - Stopped by Joonas Korpisalo

Finance

Level 1 -- Attendance: 6000 (100,00%) -- Ticket Income 570 000 $
Level 2 -- Attendance: 5000 (100,00%) -- Ticket Income 300 000 $
Level 3 -- Attendance: 1416 (70,80%) -- Ticket Income 63 720 $
Level 4 -- Attendance: 2501 (62,53%) -- Ticket Income 67 527 $
Luxury Box -- Attendance: 757 (75,70%) -- Ticket Income 158 970 $
Game was played at the No Name Arena.
Total Attendance: 15674 (87,08%)
Total Ticket Income: 1 160 217 $
Other Income: 568 506 $
Total Income: 1 728 723 $

Avalanche

5 vs 5 Forward 
   Center                   Left Wing                Right Wing               Time % Phy DF OF 
 1 Andrew Copp              Josh Bailey              Nino Niederreiter        40     0   2  3  
 2 Radek Faksa              Vladislav Namestnikov    Josh Leivo               30     0   2  3  
 3 Cody Eakin               Ivan Barbashev           Warren Foegele           20     1   2  2  
 4 Conor Sheary             Samuel Blais             Zack Smith               10     2   2  1  

5 vs 5 Defense 
   Defense                  Defense                                           Time % Phy DF OF 
 1 Mark Giordano            Keith Yandle                                      40     1   2  2  
 2 John Klingberg           Marcus Pettersson                                 30     1   2  2  
 3 Brian Dumoulin           Dan Hamhuis                                       20     1   2  2  
 4 Mark Giordano            Keith Yandle                                      10     1   2  2  

PowerPlay Forward 
   Center                   Left Wing                Right Wing               Time % Phy DF OF 
 1 Andrew Copp              Josh Bailey              Nino Niederreiter        60     1   2  2  
 2 Radek Faksa              Vladislav Namestnikov    Josh Leivo               40     1   2  2  

PowerPlay Defense
   Defense                  Defense                                           Time % Phy DF OF 
 1 Mark Giordano            Keith Yandle                                      60     1   2  2  
 2 John Klingberg           Marcus Pettersson                                 40     1   2  2  

Penalty Kill 4 Players Forward 
   Center                   Wing                     Time % Phy DF OF 
 1 Cody Eakin               Zack Smith               60     1   2  2  
 2 Ivan Barbashev           Josh Bailey              40     1   2  2  

Penalty Kill 4 Players Defense
   Defense                  Defense                  Time % Phy DF OF 
 1 Mark Giordano            Keith Yandle             60     1   2  2  
 2 John Klingberg           Marcus Pettersson        40     1   2  2  

Penalty Kill - 3 Players Forward 
   Forward                                           Time % Phy DF OF 
 1 Cody Eakin                                        60     1   4  0  
 2 Zack Smith                                        40     1   4  0  

Penalty Kill - 3 Players Defense
   Defense                  Defense                  Time % Phy DF OF 
 1 Mark Giordano            Keith Yandle             60     1   3  1  
 2 John Klingberg           Marcus Pettersson        40     1   3  1  

4 vs 4 Forward 
   Center                   Wing                     Time % Phy DF OF 
 1 Radek Faksa              Vladislav Namestnikov    60     1   2  2  
 2 Andrew Copp              Ivan Barbashev           40     1   2  2  

4 vs 4 Defense
   Defense                  Defense                  Time % Phy DF OF 
 1 Mark Giordano            Keith Yandle             60     1   2  2  
 2 John Klingberg           Marcus Pettersson        40     1   2  2  

Last Minutes Offensive
   Center                   Left Wing                Right Wing               Defense                  Defense                  
   Josh Bailey              Andrew Copp              Nino Niederreiter        Mark Giordano            Keith Yandle             

Last Minutes Defensive
   Center                   Left Wing                Right Wing               Defense                  Defense                  
   Josh Bailey              Andrew Copp              Nino Niederreiter        Mark Giordano            Keith Yandle             

Goaltenders
Starting : Joonas Korpisalo         
Backup : Michael Hutchinson       

Extra Forwards
Normal : Samuel Blais, Ivan Barbashev, Cody Eakin - PP : Samuel Blais, Ivan Barbashev - PK : Cody Eakin
Extra Defensemen
Normal : Brian Dumoulin, Dan Hamhuis, John Klingberg - PP : Brian Dumoulin - PK : Dan Hamhuis, John Klingberg
Penalty Shots
Josh Bailey, Radek Faksa, Andrew Copp, Vladislav Namestnikov, Ivan Barbashev
Custom OT Lines Forwards
Josh Bailey, Radek Faksa, Andrew Copp, Vladislav Namestnikov, Ivan Barbashev, Nino Niederreiter, Josh Leivo, Cody Eakin, Zack Smith, Conor Sheary
Custom OT Lines Defensemen
Mark Giordano, Keith Yandle, John Klingberg, Marcus Pettersson, Brian Dumoulin

Scratches
Matt Roy (Healthy), Daniel Sprong (Healthy), Cameron Gaunce (Healthy)

Jets

5 vs 5 Forward 
   Center                   Left Wing                Right Wing               Time % Phy DF OF 
 1 Nathan MacKinnon         James van Riemsdyk       Victor Olofsson          31     0   2  2  
 2 Colton Sissons           Filip Chytil             Andreas Athanasiou       30     1   2  2  
 3 Kyle Turris              Wayne Simmonds           Janne Kuokkanen          29     1   2  2  
 4 Zach Aston-Reese         William Carrier          Troy Brouwer             10     1   2  2  

5 vs 5 Defense 
   Defense                  Defense                                           Time % Phy DF OF 
 1 Josh Morrissey           Brett Pesce                                       34     1   2  2  
 2 Josh Manson              Erik Gudbranson                                   34     1   2  2  
 3 Jonathan Ericsson        Mark Pysyk                                        30     1   2  2  
 4 Josh Morrissey           Brett Pesce                                       2      1   2  2  

PowerPlay Forward 
   Center                   Left Wing                Right Wing               Time % Phy DF OF 
 1 Nathan MacKinnon         James van Riemsdyk       Victor Olofsson          60     1   2  2  
 2 Kyle Turris              Andreas Athanasiou       Colton Sissons           40     1   2  2  

PowerPlay Defense
   Defense                  Defense                                           Time % Phy DF OF 
 1 Josh Morrissey           Jonathan Ericsson                                 60     1   2  2  
 2 Janne Kuokkanen          Mark Pysyk                                        40     1   2  2  

Penalty Kill 4 Players Forward 
   Center                   Wing                     Time % Phy DF OF 
 1 Colton Sissons           Zach Aston-Reese         60     1   2  2  
 2 Kyle Turris              Troy Brouwer             40     1   2  2  

Penalty Kill 4 Players Defense
   Defense                  Defense                  Time % Phy DF OF 
 1 Brett Pesce              Erik Gudbranson          60     1   2  2  
 2 Josh Manson              Jonathan Ericsson        40     1   2  2  

Penalty Kill - 3 Players Forward 
   Forward                                           Time % Phy DF OF 
 1 Zach Aston-Reese                                  60     1   2  2  
 2 Colton Sissons                                    40     1   2  2  

Penalty Kill - 3 Players Defense
   Defense                  Defense                  Time % Phy DF OF 
 1 Brett Pesce              Erik Gudbranson          60     1   2  2  
 2 Josh Manson              Jonathan Ericsson        40     1   2  2  

4 vs 4 Forward 
   Center                   Wing                     Time % Phy DF OF 
 1 Nathan MacKinnon         Victor Olofsson          60     1   2  2  
 2 Zach Aston-Reese         Troy Brouwer             40     1   2  2  

4 vs 4 Defense
   Defense                  Defense                  Time % Phy DF OF 
 1 Jonathan Ericsson        Josh Manson              60     1   2  2  
 2 Josh Morrissey           Mark Pysyk               40     1   2  2  

Last Minutes Offensive
   Center                   Left Wing                Right Wing               Defense                  Defense                  
   Nathan MacKinnon         Janne Kuokkanen          Victor Olofsson          Josh Morrissey           Josh Manson              

Last Minutes Defensive
   Center                   Left Wing                Right Wing               Defense                  Defense                  
   Colton Sissons           Zach Aston-Reese         Troy Brouwer             Brett Pesce              Josh Manson              

Goaltenders
Starting : Jonathan Bernier         
Backup : Mackenzie Blackwood      

Extra Forwards
Normal : Zach Aston-Reese, Filip Chytil, Janne Kuokkanen - PP : Zach Aston-Reese, Filip Chytil - PK : Nathan MacKinnon
Extra Defensemen
Normal : Jonathan Ericsson, Brett Pesce, Mark Pysyk - PP : Erik Gudbranson - PK : Josh Morrissey, Mark Pysyk
Penalty Shots
Nathan MacKinnon, Victor Olofsson, Kyle Turris, Wayne Simmonds, Colton Sissons
Custom OT Lines Forwards
James van Riemsdyk, Victor Olofsson, Kyle Turris, Wayne Simmonds, Colton Sissons, Nathan MacKinnon, Zach Aston-Reese, Filip Chytil, Janne Kuokkanen, William Carrier
Custom OT Lines Defensemen
Brett Pesce, Josh Manson, Josh Morrissey, Mark Pysyk, Jonathan Ericsson

Scratches
Mike Sgarbossa (Healthy), Nate Prosser (Healthy), Dakota Mermis (Healthy)

% Time on Ice - Avalanche

Lines # - Real PCT - Wanted PCT - Time Play
Normal Forward
1 - 34% - 40% - 16:24
2 - 28% - 30% - 13:28
3 - 21% - 20% - 9:58
4 - 18% - 10% - 8:42
Normal Defense
1 - 39% - 40% - 18:51
2 - 31% - 30% - 14:49
3 - 27% - 20% - 13:13
4 - 3% - 10% - 1:39
PP Forward
1 - 59% - 60% - 5:33
2 - 41% - 40% - 3:56
PP Defense
1 - 64% - 60% - 6:04
2 - 36% - 40% - 3:25
PK Forward
1 - 75% - 60% - 1:29
2 - 25% - 40% - 0:30
PK Defense
1 - 63% - 60% - 1:15
2 - 37% - 40% - 0:44
PK3 Forward
1 - 0% - 60%
2 - 0% - 40%
PK3 Defense
1 - 0% - 60%
2 - 0% - 40%
44 Forward
1 - 0% - 60%
2 - 0% - 40%
44 Defense
1 - 0% - 60%
2 - 0% - 40%
Last Minute Offensive  - 0:00
Last Minute Defensive  - 0:00
Total
Forward - 60:00
Defense - 60:00

% Time on Ice - Jets

Lines # - Real PCT - Wanted PCT - Time Play
Normal Forward
1 - 30% - 31% - 14:37
2 - 28% - 30% - 13:42
3 - 24% - 29% - 11:50
4 - 17% - 10% - 8:23
Normal Defense
1 - 36% - 34% - 17:16
2 - 33% - 34% - 16:15
3 - 29% - 30% - 14:11
4 - 2% - 2% - 0:50
PP Forward
1 - 57% - 60% - 1:08
2 - 43% - 40% - 0:51
PP Defense
1 - 63% - 60% - 1:15
2 - 37% - 40% - 0:44
PK Forward
1 - 72% - 60% - 6:51
2 - 28% - 40% - 2:38
PK Defense
1 - 63% - 60% - 6:01
2 - 37% - 40% - 3:28
PK3 Forward
1 - 0% - 60%
2 - 0% - 40%
PK3 Defense
1 - 0% - 60%
2 - 0% - 40%
44 Forward
1 - 0% - 60%
2 - 0% - 40%
44 Defense
1 - 0% - 60%
2 - 0% - 40%
Last Minute Offensive  - 0:00
Last Minute Defensive  - 0:00
Total
Forward - 60:00
Defense - 60:00

Play-by-Play

1st period


0:01 of 1st period - Nathan MacKinnon wins face-off versus Andrew Copp in neutral zone.
0:10 of 1st period - Snap shot by Nathan MacKinnon.
0:10 of 1st period - Shot Misses the Net.
0:26 of 1st period - Keith Yandle is hit by Colton Sissons and loses puck.
0:33 of 1st period - Snap shot by Andreas Athanasiou.
0:33 of 1st period - Shot Misses the Net.
0:42 of 1st period - Icing by Radek Faksa.
0:43 of 1st period - Kyle Turris wins face-off versus Radek Faksa in Avalanche zone.
1:16 of 1st period - Slapshot by Zach Aston-Reese.
1:16 of 1st period - Shot Blocked by Ivan Barbashev.
1:18 of 1st period - Slapshot by Jonathan Ericsson.
1:18 of 1st period - Stopped by Joonas Korpisalo with a rebound.
1:47 of 1st period - Mark Giordano is hit by Josh Manson and loses puck.
2:04 of 1st period - Janne Kuokkanen is hit by Mark Giordano and loses puck.
3:08 of 1st period - Wrist shot by Conor Sheary.
3:08 of 1st period - Stopped by Jonathan Bernier with a rebound.
3:30 of 1st period - Wrist shot by Samuel Blais.
3:30 of 1st period - Shot Misses the Net.
3:32 of 1st period - Slapshot by Josh Bailey.
3:32 of 1st period - Shot Blocked by Mark Pysyk.
4:40 of 1st period - Icing by Samuel Blais.
4:41 of 1st period - Nathan MacKinnon wins face-off versus Samuel Blais in Avalanche zone.
4:42 of 1st period - Backhand shot by Victor Olofsson.
4:42 of 1st period - Shot Misses the Net.
4:44 of 1st period - Slapshot by Erik Gudbranson.
4:44 of 1st period - Shot Blocked by Zack Smith.
5:09 of 1st period - Icing by James van Riemsdyk.
5:10 of 1st period - Andrew Copp wins face-off versus Nathan MacKinnon in Jets zone.
5:38 of 1st period - Off-side.
5:39 of 1st period - Vladislav Namestnikov wins face-off versus Kyle Turris in neutral zone.
5:42 of 1st period - Snap shot by Josh Leivo.
5:42 of 1st period - Shot Misses the Net.
7:49 of 1st period - Troy Brouwer is hit by John Klingberg and loses puck.
7:58 of 1st period - Wrist shot by Cody Eakin.
7:58 of 1st period - Shot Blocked by Josh Manson.
8:00 of 1st period - Snap shot by Ivan Barbashev.
8:00 of 1st period - Shot Blocked by Troy Brouwer.
8:12 of 1st period - Slapshot by Samuel Blais.
8:12 of 1st period - Deflect By Zack Smith.
8:12 of 1st period - Shot Misses the Net.
8:12 of 1st period - Puck is out of play.
8:13 of 1st period - James van Riemsdyk wins face-off versus Conor Sheary in Jets zone.
8:33 of 1st period - Slapshot by Samuel Blais.
8:33 of 1st period - Stopped by Jonathan Bernier with a rebound.
8:35 of 1st period - Wrist shot by Zack Smith.
8:35 of 1st period - Shot Misses the Net.
8:39 of 1st period - Snap shot by Zack Smith.
8:39 of 1st period - Stopped by Jonathan Bernier with a rebound.
8:41 of 1st period - Backhand shot by Mark Giordano.
8:41 of 1st period - Shot Blocked by James van Riemsdyk.
8:43 of 1st period - Snap shot by Zack Smith.
8:43 of 1st period - Stopped by Jonathan Bernier without a rebound.
8:44 of 1st period - Andrew Copp wins face-off versus Kyle Turris in Jets zone.
8:59 of 1st period - Slapshot by Nino Niederreiter.
8:59 of 1st period - Shot Misses the Net.
9:35 of 1st period - Snap shot by Victor Olofsson.
9:35 of 1st period - Shot Blocked by Marcus Pettersson.
10:16 of 1st period - Slapshot by Victor Olofsson.
10:16 of 1st period - Stopped by Joonas Korpisalo without a rebound.
10:17 of 1st period - Kyle Turris wins face-off versus Radek Faksa in Avalanche zone.
10:20 of 1st period - Slapshot by Kyle Turris.
10:20 of 1st period - Stopped by Joonas Korpisalo with a rebound.
10:22 of 1st period - Slapshot by Jonathan Ericsson.
10:22 of 1st period - Stopped by Joonas Korpisalo with a rebound.
10:24 of 1st period - Slapshot by Mark Pysyk.
10:24 of 1st period - Shot Misses the Net.
10:32 of 1st period - Snap shot by Wayne Simmonds.
10:32 of 1st period - Shot Blocked by Dan Hamhuis.
11:26 of 1st period - Josh Manson is hit by Zack Smith and loses puck.
11:46 of 1st period - Slapshot by Andreas Athanasiou.
11:46 of 1st period - Shot Blocked by Mark Giordano.
11:48 of 1st period - Wrist shot by Andreas Athanasiou.
11:48 of 1st period - Shot Blocked by Mark Giordano.
11:50 of 1st period - Snap shot by Brett Pesce.
11:50 of 1st period - Stopped by Joonas Korpisalo with a rebound.
11:52 of 1st period - Slapshot by Colton Sissons.
11:52 of 1st period - Stopped by Joonas Korpisalo without a rebound.
11:53 of 1st period - Andrew Copp wins face-off versus Colton Sissons in Avalanche zone.
12:51 of 1st period - Snap shot by Nino Niederreiter.
12:51 of 1st period - Stopped by Jonathan Bernier with a rebound.
12:53 of 1st period - Snap shot by Josh Bailey.
12:53 of 1st period - Stopped by Jonathan Bernier with a rebound.
13:15 of 1st period - Snap shot by Josh Bailey.
13:15 of 1st period - Stopped by Jonathan Bernier without a rebound.
13:16 of 1st period - Colton Sissons wins face-off versus Vladislav Namestnikov in Jets zone.
13:26 of 1st period - Snap shot by Radek Faksa.
13:26 of 1st period - Shot Misses the Net.
13:28 of 1st period - Slapshot by Mark Giordano.
13:28 of 1st period - Shot Misses the Net.
13:30 of 1st period - Backhand shot by Mark Giordano.
13:30 of 1st period - Deflect By Brett Pesce.
13:30 of 1st period - Stopped by Jonathan Bernier with a rebound.
13:32 of 1st period - Snap shot by Mark Giordano.
13:32 of 1st period - Shot Blocked by Josh Morrissey.
14:17 of 1st period - Minor Penalty to Troy Brouwer for Roughing.
14:18 of 1st period - Colton Sissons wins face-off versus Radek Faksa in Jets zone.
14:34 of 1st period - Snap shot by Josh Leivo.
14:34 of 1st period - Deflect By Radek Faksa.
14:34 of 1st period - Shot Misses the Net.
14:34 of 1st period - Puck is out of play.
14:35 of 1st period - Andrew Copp wins face-off versus Colton Sissons in Jets zone.
14:38 of 1st period - Snap shot by Nino Niederreiter.
14:38 of 1st period - Stopped by Jonathan Bernier with a rebound.
15:04 of 1st period - Wrist shot by Josh Leivo.
15:04 of 1st period - Shot Misses the Net.
15:06 of 1st period - Slapshot by John Klingberg.
15:06 of 1st period - Stopped by Jonathan Bernier without a rebound.
15:07 of 1st period - Josh Bailey wins face-off versus Colton Sissons in Jets zone.
15:18 of 1st period - Wrist shot by Nino Niederreiter.
15:18 of 1st period - Stopped by Jonathan Bernier with a rebound.
15:44 of 1st period - Vladislav Namestnikov is hit by Josh Manson and loses puck.
16:03 of 1st period - Keith Yandle is hit by Erik Gudbranson.
16:17 of 1st period - Penalty to Troy Brouwer is over, Troy Brouwer is back on ice.
17:41 of 1st period - Cody Eakin is hit by Colton Sissons and loses puck.
18:09 of 1st period - Wrist shot by Victor Olofsson.
18:09 of 1st period - Stopped by Joonas Korpisalo without a rebound.
18:10 of 1st period - Radek Faksa wins face-off versus Kyle Turris in Avalanche zone.
18:51 of 1st period - Wrist shot by Vladislav Namestnikov.
18:51 of 1st period - Shot Misses the Net.
19:03 of 1st period - Snap shot by Vladislav Namestnikov.
19:03 of 1st period - Deflect By Radek Faksa.
19:03 of 1st period - Shot Misses the Net.
19:03 of 1st period - Puck is out of play.
19:04 of 1st period - Andrew Copp wins face-off versus Colton Sissons in Jets zone.
19:05 of 1st period - Snap shot by Josh Bailey.
19:05 of 1st period - Shot Blocked by Erik Gudbranson.
19:34 of 1st period - Wrist shot by Kyle Turris.
19:34 of 1st period - Shot Misses the Net.
19:48 of 1st period - Snap shot by Conor Sheary.
19:48 of 1st period - Stopped by Jonathan Bernier without a rebound.
19:49 of 1st period - Zach Aston-Reese wins face-off versus Samuel Blais in Jets zone.
Goals for this period are 0 for Avalanche vs 0 for Jets.
Shots for this period are 12 for Avalanche vs 7 for Jets.

2nd period


0:01 of 2nd period - Andrew Copp wins face-off versus Colton Sissons in neutral zone.
0:49 of 2nd period - Slapshot by Keith Yandle.
0:49 of 2nd period - Shot Misses the Net.
1:07 of 2nd period - Snap shot by Samuel Blais.
1:07 of 2nd period - Stopped by Jonathan Bernier with a rebound.
2:21 of 2nd period - Icing by Jonathan Ericsson.
2:22 of 2nd period - Nathan MacKinnon wins face-off versus Andrew Copp in Jets zone.
2:29 of 2nd period - Wrist shot by James van Riemsdyk.
2:29 of 2nd period - Stopped by Joonas Korpisalo with a rebound.
3:03 of 2nd period - Slapshot by Ivan Barbashev.
3:03 of 2nd period - Stopped by Jonathan Bernier without a rebound.
3:04 of 2nd period - Radek Faksa wins face-off versus Filip Chytil in Jets zone.
3:42 of 2nd period - Snap shot by Vladislav Namestnikov.
3:42 of 2nd period - Stopped by Jonathan Bernier with a rebound.
4:05 of 2nd period - Backhand shot by Zach Aston-Reese.
4:05 of 2nd period - Shot Misses the Net.
4:27 of 2nd period - Slapshot by Radek Faksa.
4:27 of 2nd period - Shot Misses the Net.
4:29 of 2nd period - Snap shot by Vladislav Namestnikov.
4:29 of 2nd period - Goal by Vladislav Namestnikov - Avalanche : 1 - Jets : 0.
4:30 of 2nd period - Colton Sissons wins face-off versus Andrew Copp in neutral zone.
4:51 of 2nd period - Penalty Shot by Erik Gudbranson for Jets.
4:51 of 2nd period - Snap shot by Erik Gudbranson.
4:51 of 2nd period - Stopped by Joonas Korpisalo.
4:52 of 2nd period - Kyle Turris wins face-off versus Cody Eakin in Jets zone.
5:05 of 2nd period - Snap shot by Wayne Simmonds.
5:05 of 2nd period - Stopped by Joonas Korpisalo with a rebound.
5:07 of 2nd period - Snap shot by Kyle Turris.
5:07 of 2nd period - Shot Misses the Net.
5:17 of 2nd period - Brett Pesce is hit by Nino Niederreiter.
5:37 of 2nd period - Slapshot by Samuel Blais.
5:37 of 2nd period - Stopped by Jonathan Bernier with a rebound.
5:39 of 2nd period - Slapshot by Keith Yandle.
5:39 of 2nd period - Stopped by Jonathan Bernier without a rebound.
5:40 of 2nd period - Colton Sissons wins face-off versus Conor Sheary in Jets zone.
5:42 of 2nd period - Minor Penalty to Erik Gudbranson for Interference.
5:43 of 2nd period - Andrew Copp wins face-off versus Colton Sissons in Jets zone.
5:55 of 2nd period - Slapshot by Zach Aston-Reese.
5:55 of 2nd period - Stopped by Joonas Korpisalo without a rebound.
5:56 of 2nd period - Colton Sissons wins face-off versus Andrew Copp in Avalanche zone.
5:59 of 2nd period - Wrist shot by Zach Aston-Reese.
5:59 of 2nd period - Shot Misses the Net.
7:42 of 2nd period - Penalty to Erik Gudbranson is over, Erik Gudbranson is back on ice.
8:29 of 2nd period - Troy Brouwer is hit by Warren Foegele and loses puck.
9:37 of 2nd period - Icing by Wayne Simmonds.
9:38 of 2nd period - Andrew Copp wins face-off versus Kyle Turris in Jets zone.
9:53 of 2nd period - Wrist shot by Josh Leivo.
9:53 of 2nd period - Goal by Josh Leivo - Avalanche : 2 - Jets : 0.
9:54 of 2nd period - Andrew Copp wins face-off versus Colton Sissons in neutral zone.
10:00 of 2nd period - Minor Penalty to Brett Pesce for Holding.
10:01 of 2nd period - Josh Bailey wins face-off versus Colton Sissons in Jets zone.
10:13 of 2nd period - Wrist shot by Josh Bailey.
10:13 of 2nd period - Deflect By Nino Niederreiter.
10:13 of 2nd period - Shot Blocked by Colton Sissons.
10:13 of 2nd period - Puck is out of play.
10:14 of 2nd period - Andrew Copp wins face-off versus Zach Aston-Reese in Jets zone.
12:00 of 2nd period - Penalty to Brett Pesce is over, Brett Pesce is back on ice.
12:14 of 2nd period - Wrist shot by Wayne Simmonds.
12:14 of 2nd period - Deflect By Kyle Turris.
12:14 of 2nd period - Shot Misses the Net.
12:14 of 2nd period - Puck is out of play.
12:15 of 2nd period - Cody Eakin wins face-off versus Nathan MacKinnon in Avalanche zone.
12:22 of 2nd period - Slapshot by Mark Giordano.
12:22 of 2nd period - Shot Blocked by Josh Morrissey.
13:05 of 2nd period - Snap shot by Andreas Athanasiou.
13:05 of 2nd period - Stopped by Joonas Korpisalo with a rebound.
13:11 of 2nd period - Snap shot by Vladislav Namestnikov.
13:11 of 2nd period - Shot Misses the Net.
13:13 of 2nd period - Wrist shot by Vladislav Namestnikov.
13:13 of 2nd period - Shot Misses the Net.
14:35 of 2nd period - Wrist shot by Zach Aston-Reese.
14:35 of 2nd period - Deflect By Troy Brouwer.
14:35 of 2nd period - Stopped by Joonas Korpisalo without a rebound.
14:36 of 2nd period - Zach Aston-Reese wins face-off versus Radek Faksa in Avalanche zone.
15:14 of 2nd period - Slapshot by Troy Brouwer.
15:14 of 2nd period - Deflect By Zach Aston-Reese.
15:14 of 2nd period - Shot Misses the Net.
15:14 of 2nd period - Puck is out of play.
15:15 of 2nd period - Colton Sissons wins face-off versus Andrew Copp in Avalanche zone.
15:40 of 2nd period - Wrist shot by Josh Leivo.
15:40 of 2nd period - Shot Blocked by Janne Kuokkanen.
15:42 of 2nd period - Wrist shot by Radek Faksa.
15:42 of 2nd period - Stopped by Jonathan Bernier without a rebound.
15:43 of 2nd period - Wayne Simmonds wins face-off versus Radek Faksa in Jets zone.
15:43 of 2nd period - Wayne Simmonds is hit by Radek Faksa.
15:55 of 2nd period - Wrist shot by Kyle Turris.
15:55 of 2nd period - Shot Blocked by Radek Faksa.
15:57 of 2nd period - Snap shot by Kyle Turris.
15:57 of 2nd period - Goal by Kyle Turris - Avalanche : 2 - Jets : 1.
15:58 of 2nd period - Filip Chytil wins face-off versus Andrew Copp in neutral zone.
16:13 of 2nd period - Snap shot by Andreas Athanasiou.
16:13 of 2nd period - Stopped by Joonas Korpisalo with a rebound.
16:23 of 2nd period - Wrist shot by Nathan MacKinnon.
16:23 of 2nd period - Stopped by Joonas Korpisalo with a rebound.
16:50 of 2nd period - Josh Leivo is hit by Janne Kuokkanen and loses puck.
17:15 of 2nd period - Wrist shot by Ivan Barbashev.
17:15 of 2nd period - Stopped by Jonathan Bernier without a rebound.
17:16 of 2nd period - Nathan MacKinnon wins face-off versus Radek Faksa in Jets zone.
17:16 of 2nd period - Nathan MacKinnon is hit by Josh Leivo.
17:34 of 2nd period - Victor Olofsson is hit by Radek Faksa and loses puck.
18:38 of 2nd period - Wrist shot by Wayne Simmonds.
18:38 of 2nd period - Shot Blocked by Zack Smith.
18:40 of 2nd period - Slapshot by Janne Kuokkanen.
18:40 of 2nd period - Stopped by Joonas Korpisalo without a rebound.
18:41 of 2nd period - Colton Sissons wins face-off versus Andrew Copp in Avalanche zone.
18:42 of 2nd period - Snap shot by Andreas Athanasiou.
18:42 of 2nd period - Shot Misses the Net.
18:59 of 2nd period - Minor Penalty to Erik Gudbranson for Roughing.
19:00 of 2nd period - Andrew Copp wins face-off versus Colton Sissons in Jets zone.
19:02 of 2nd period - Snap shot by Keith Yandle.
19:02 of 2nd period - Shot Misses the Net.
19:04 of 2nd period - Backhand shot by Josh Bailey.
19:04 of 2nd period - Shot Misses the Net.
19:06 of 2nd period - Slapshot by Mark Giordano.
19:06 of 2nd period - Deflect By Josh Morrissey.
19:06 of 2nd period - Stopped by Jonathan Bernier without a rebound.
19:07 of 2nd period - Andrew Copp wins face-off versus Colton Sissons in Jets zone.
19:18 of 2nd period - Slapshot by Keith Yandle.
19:18 of 2nd period - Shot Blocked by Colton Sissons.
19:20 of 2nd period - Slapshot by Mark Giordano.
19:20 of 2nd period - Stopped by Jonathan Bernier with a rebound.
19:22 of 2nd period - Slapshot by Keith Yandle.
19:22 of 2nd period - Stopped by Jonathan Bernier with a rebound.
19:37 of 2nd period - Off-side.
19:38 of 2nd period - Andrew Copp wins face-off versus Kyle Turris in neutral zone.
19:53 of 2nd period - Slapshot by Josh Bailey.
19:53 of 2nd period - Shot Misses the Net.
Goals for this period are 2 for Avalanche vs 1 for Jets.
Shots for this period are 12 for Avalanche vs 9 for Jets.

3rd period


0:01 of 3rd period - Andrew Copp wins face-off versus Colton Sissons in neutral zone.
0:10 of 3rd period - Snap shot by Nino Niederreiter.
0:10 of 3rd period - Shot Misses the Net.
0:14 of 3rd period - Wrist shot by Andrew Copp.
0:14 of 3rd period - Shot Misses the Net.
0:16 of 3rd period - Slapshot by Mark Giordano.
0:16 of 3rd period - Stopped by Jonathan Bernier with a rebound.
0:26 of 3rd period - Keith Yandle is hit by Troy Brouwer.
0:32 of 3rd period - Backhand shot by Mark Giordano.
0:32 of 3rd period - Goal by Mark Giordano - Avalanche : 3 - Jets : 1.
0:33 of 3rd period - Colton Sissons wins face-off versus Andrew Copp in neutral zone.
1:19 of 3rd period - Wrist shot by Nino Niederreiter.
1:19 of 3rd period - Stopped by Jonathan Bernier without a rebound.
1:20 of 3rd period - Radek Faksa wins face-off versus Nathan MacKinnon in Jets zone.
1:31 of 3rd period - Wrist shot by Victor Olofsson.
1:31 of 3rd period - Deflect By Nathan MacKinnon.
1:31 of 3rd period - Stopped by Joonas Korpisalo without a rebound.
1:32 of 3rd period - Radek Faksa wins face-off versus James van Riemsdyk in Avalanche zone.
1:32 of 3rd period - Radek Faksa is hit by James van Riemsdyk.
1:38 of 3rd period - Wrist shot by Nathan MacKinnon.
1:38 of 3rd period - Shot Misses the Net.
1:40 of 3rd period - Snap shot by Josh Morrissey.
1:40 of 3rd period - Stopped by Joonas Korpisalo with a rebound.
2:30 of 3rd period - Slapshot by Andrew Copp.
2:30 of 3rd period - Stopped by Jonathan Bernier without a rebound.
2:31 of 3rd period - Andrew Copp wins face-off versus Nathan MacKinnon in Jets zone.
2:32 of 3rd period - Wrist shot by Josh Bailey.
2:32 of 3rd period - Shot Misses the Net.
2:56 of 3rd period - Erik Gudbranson is hit by John Klingberg and loses puck.
3:48 of 3rd period - Troy Brouwer is hit by Zack Smith and loses puck.
4:01 of 3rd period - Wrist shot by Nathan MacKinnon.
4:01 of 3rd period - Stopped by Joonas Korpisalo with a rebound.
4:03 of 3rd period - Snap shot by Nathan MacKinnon.
4:03 of 3rd period - Deflect By Nino Niederreiter.
4:03 of 3rd period - Shot Misses the Net.
4:03 of 3rd period - Puck is out of play.
4:04 of 3rd period - Andrew Copp wins face-off versus James van Riemsdyk in Avalanche zone.
4:09 of 3rd period - Josh Morrissey is hit by Josh Bailey and loses puck.
4:20 of 3rd period - Slapshot by Nathan MacKinnon.
4:20 of 3rd period - Stopped by Joonas Korpisalo without a rebound.
4:21 of 3rd period - Colton Sissons wins face-off versus Radek Faksa in Avalanche zone.
4:57 of 3rd period - Nathan MacKinnon is hit by Nino Niederreiter and loses puck.
5:12 of 3rd period - Snap shot by Kyle Turris.
5:12 of 3rd period - Stopped by Joonas Korpisalo with a rebound.
5:46 of 3rd period - Off-side.
5:47 of 3rd period - Colton Sissons wins face-off versus Radek Faksa in neutral zone.
5:59 of 3rd period - Mark Giordano is hit by Josh Manson and loses puck.
7:03 of 3rd period - Icing by Mark Pysyk.
7:04 of 3rd period - Zach Aston-Reese wins face-off versus Andrew Copp in Jets zone.
7:31 of 3rd period - Snap shot by Colton Sissons.
7:31 of 3rd period - Stopped by Joonas Korpisalo with a rebound.
7:33 of 3rd period - Snap shot by Filip Chytil.
7:33 of 3rd period - Shot Blocked by Josh Leivo.
7:35 of 3rd period - Slapshot by Colton Sissons.
7:35 of 3rd period - Shot Blocked by Dan Hamhuis.
7:37 of 3rd period - Snap shot by Andreas Athanasiou.
7:37 of 3rd period - Stopped by Joonas Korpisalo without a rebound.
7:38 of 3rd period - Andrew Copp wins face-off versus Nathan MacKinnon in Avalanche zone.
7:40 of 3rd period - Minor Penalty to Mark Giordano for Hooking.
7:41 of 3rd period - James van Riemsdyk wins face-off versus Cody Eakin in Avalanche zone.
9:40 of 3rd period - Penalty to Mark Giordano is over, Mark Giordano is back on ice.
11:06 of 3rd period - Snap shot by Josh Leivo.
11:06 of 3rd period - Shot Blocked by Wayne Simmonds.
11:23 of 3rd period - Andreas Athanasiou is hit by Brian Dumoulin and loses puck.
12:14 of 3rd period - Off-side.
12:15 of 3rd period - Nathan MacKinnon wins face-off versus Conor Sheary in neutral zone.
12:27 of 3rd period - Wrist shot by Zack Smith.
12:27 of 3rd period - Shot Misses the Net.
12:29 of 3rd period - Wrist shot by Samuel Blais.
12:29 of 3rd period - Shot Misses the Net.
12:31 of 3rd period - Snap shot by Dan Hamhuis.
12:31 of 3rd period - Deflect By Samuel Blais.
12:31 of 3rd period - Shot Misses the Net.
12:31 of 3rd period - Puck is out of play.
12:32 of 3rd period - Andrew Copp wins face-off versus Filip Chytil in Jets zone.
12:33 of 3rd period - Snap shot by Josh Bailey.
12:33 of 3rd period - Shot Misses the Net.
12:35 of 3rd period - Slapshot by Nino Niederreiter.
12:35 of 3rd period - Stopped by Jonathan Bernier with a rebound.
12:37 of 3rd period - Snap shot by Andrew Copp.
12:37 of 3rd period - Stopped by Jonathan Bernier with a rebound.
12:39 of 3rd period - Slapshot by Brian Dumoulin.
12:39 of 3rd period - Stopped by Jonathan Bernier without a rebound.
12:40 of 3rd period - Andrew Copp wins face-off versus Filip Chytil in Jets zone.
13:34 of 3rd period - Snap shot by Andrew Copp.
13:34 of 3rd period - Shot Blocked by Andreas Athanasiou.
13:36 of 3rd period - Wrist shot by Dan Hamhuis.
13:36 of 3rd period - Stopped by Jonathan Bernier with a rebound.
13:38 of 3rd period - Wrist shot by Josh Bailey.
13:38 of 3rd period - Shot Misses the Net.
13:40 of 3rd period - Slapshot by Dan Hamhuis.
13:40 of 3rd period - Deflect By Andrew Copp.
13:40 of 3rd period - Shot Blocked by Josh Morrissey.
13:40 of 3rd period - Puck is out of play.
13:41 of 3rd period - Victor Olofsson wins face-off versus Radek Faksa in Jets zone.
13:52 of 3rd period - Wrist shot by Victor Olofsson.
13:52 of 3rd period - Stopped by Joonas Korpisalo without a rebound.
13:53 of 3rd period - Radek Faksa wins face-off versus Kyle Turris in Avalanche zone.
14:23 of 3rd period - Jonathan Ericsson is hit by Cody Eakin and loses puck.
14:58 of 3rd period - Snap shot by Kyle Turris.
14:58 of 3rd period - Shot Misses the Net.
15:39 of 3rd period - Snap shot by Cody Eakin.
15:39 of 3rd period - Deflect By Warren Foegele.
15:39 of 3rd period - Shot Misses the Net.
15:39 of 3rd period - Puck is out of play.
15:40 of 3rd period - Colton Sissons wins face-off versus Cody Eakin in Jets zone.
15:40 of 3rd period - Colton Sissons is hit by Cody Eakin.
15:43 of 3rd period - Minor Penalty to Brett Pesce for Hooking.
15:44 of 3rd period - Andrew Copp wins face-off versus Colton Sissons in Jets zone.
17:43 of 3rd period - Penalty to Brett Pesce is over, Brett Pesce is back on ice.
18:14 of 3rd period - Victor Olofsson is hit by Cody Eakin and loses puck.
19:48 of 3rd period - Icing by Josh Manson.
19:49 of 3rd period - Janne Kuokkanen wins face-off versus Andrew Copp in Jets zone.
Goals for this period are 1 for Avalanche vs 0 for Jets.
Shots for this period are 8 for Avalanche vs 8 for Jets. Output by the SimonT Hockey Simulator (STHS) for Alexandre Lamarre - Original Page W3C HTML5 Valid
Hockey Simulator - Hockey Simulation - Hockey Manager